Sharks vs Lightning
Created - April 7, 2023 at 19:01
Goals
|
| Sharks |
3 |
1 |
2 |
6 |
| Lightning |
2 |
1 |
1 |
4 |
|
Shots
|
| Sharks |
9 |
11 |
18 |
38 |
| Lightning |
15 |
9 |
11 |
35 |
|
1st period
1. Sharks , Andreas Martinsen 8 (Brendan Gaunce 13, Karl Alzner 13) at 4:24
2. Sharks , Brandon Dubinsky 27 (Drew Doughty 54, Joe Pavelski 24) at 8:47
3. Sharks , Ronalds Kenins 24 (Wayne Simmonds 16) at 13:20
4. Lightning , Brent Seabrook 5 (Mark Scheifele 56, Artemi Panarin 24) at 16:37 (PP)
5. Lightning , Patrice Bergeron 14 (Brendan Lemieux 26, Brock Boeser 10) at 19:51
Penalties :
Dion Phaneuf (S.J) for Hooking (Minor) at 0:17, Daniel Carcillo (S.J) for Holding (Minor) at 10:45, Oscar Sundqvist (S.J) for Tripping (Minor) at 15:23, Joe Pavelski (S.J) for Holding (Minor) at 17:10
2nd period
6. Sharks , Ronalds Kenins 25 (Drew Doughty 55, Mike Lundin 19) at 5:39 (PP)
7. Lightning , Kasperi Kapanen 24 (Artemi Panarin 25, Mark Scheifele 57) at 14:39 (PP)
Penalties :
Brent Seabrook (T.B) for Tripping (Minor) at 5:28, Mike Lundin (S.J) for Roughing (Minor) at 7:38, Gustav Nyquist (S.J) for Tripping (Minor) at 14:36
3rd period
8. Sharks , Joe Pavelski 16 (Daniel Carcillo 10, Drew Doughty 56) at 8:39
9. Sharks , Brendan Gaunce 9 (Tyler Cuma 24, Gustav Nyquist 11) at 16:36
10. Lightning , Jesper Fast 7 (Victor Hedman 18) at 19:25
Penalties :
Daniel Carcillo (S.J) for Holding (Minor) at 4:35, Brent Seabrook (T.B) for Interference (Minor) at 6:29, Joe Pavelski (S.J) for Holding (Minor) at 11:22
Goalie Stats
Malcolm Subban (S.J), 31 saves from 35 shots - (0.886), W, 7-7-2, 60:00 minutes
Alex Nedeljkovic (T.B), 10 saves from 14 shots - (0.714), 25:39 minutes
Jimmy Howard (T.B), 22 saves from 24 shots - (0.917), L, 6-5-1, 34:21 minutes
Players Stats for Sharks
Player Name G A P +/- PIM S H SB GA TA FO MP PP MP PK MP
------------------------------------------------------------------------------------
Andreas Martinsen 1 0 1 2 0 2 0 1 0 0 0/0 8:44 0:00 2:40
Boone Jenner 0 0 0 0 0 3 3 0 0 0 9/16 17:39 0:11 5:20
Brandon Dubinsky 1 0 1 2 0 4 1 0 0 1 14/49 24:49 1:54 7:46
Brendan Gaunce 1 1 2 2 0 2 0 0 0 0 3/5 6:04 0:00 0:00
Conor Sheary 0 0 0 -1 0 1 1 0 0 0 0/0 11:28 0:00 0:00
Daniel Carcillo 0 1 1 2 4 2 1 1 0 0 0/0 22:26 1:54 5:22
Dion Phaneuf 0 0 0 2 2 3 1 2 0 0 0/0 18:56 0:12 3:28
Drew Doughty 0 3 3 0 0 8 3 0 2 1 0/0 29:59 1:53 8:41
Gustav Nyquist 0 1 1 2 2 0 1 0 0 0 0/0 7:12 0:00 1:09
Joe Pavelski 1 1 2 1 4 1 3 0 1 1 0/3 17:26 1:42 0:00
Karl Alzner 0 1 1 1 0 1 0 2 0 0 0/0 11:57 0:00 1:49
Markus Nutivaara 0 0 0 1 0 1 0 1 0 1 0/0 10:07 0:00 0:00
Mike Lundin 0 1 1 0 2 0 2 4 0 0 0/0 28:36 1:53 7:19
Oscar Sundqvist 0 0 0 -1 2 2 2 0 0 0 4/7 11:27 0:00 0:00
Ronalds Kenins 2 0 2 0 0 3 3 0 0 0 0/0 16:23 0:23 3:55
Tyler Cuma 0 1 1 2 0 3 0 1 1 1 0/0 20:32 0:12 4:55
Wayne Simmonds 0 1 1 1 0 0 1 0 0 0 0/0 11:28 0:11 0:00
Zach Parise 0 0 0 -1 0 2 1 0 1 0 1/1 11:28 0:00 0:00
Players Stats for Lightning
Player Name G A P +/- PIM S H SB GA TA FO MP PP MP PK MP
------------------------------------------------------------------------------------
Alex Killorn 0 0 0 1 0 0 1 0 0 0 0/0 6:13 0:00 0:00
Antoine Vermette 0 0 0 1 0 1 0 0 0 0 0/2 6:13 0:00 0:00
Artemi Panarin 0 2 2 -2 0 5 0 1 1 0 2/3 22:46 7:24 0:12
Ben Smith 0 0 0 -2 0 1 0 0 0 0 1/1 14:43 0:00 1:53
Brendan Lemieux 0 1 1 0 0 1 3 0 0 0 0/1 19:03 5:42 0:00
Brent Seabrook 1 0 1 -2 4 1 1 0 0 3 0/0 28:15 8:47 0:00
Brock Boeser 0 1 1 0 0 2 0 0 0 0 1/1 16:18 5:42 0:00
Jesper Fast 1 0 1 1 0 2 0 0 1 0 0/0 6:13 0:00 0:00
Jimmy Vesey 0 0 0 -1 0 0 0 0 0 0 0/0 9:54 0:00 0:00
Jiri Fischer 0 0 0 0 0 0 0 0 0 0 0/0 9:46 0:00 0:00
John Carlson 0 0 0 -2 0 4 1 0 1 0 0/0 30:27 8:48 2:05
Kasperi Kapanen 1 0 1 -2 0 5 1 0 0 0 3/5 22:29 7:24 0:00
Mark Scheifele 0 2 2 -3 0 7 0 0 1 1 33/47 24:50 7:24 2:05
Michael Kostka 0 0 0 -1 0 0 0 0 0 0 0/0 15:03 0:00 0:00
Patrice Bergeron 1 0 1 0 0 3 0 1 0 0 5/13 19:03 5:42 0:00
Shayne Gostisbehere 0 0 0 -2 0 2 0 1 0 0 0/0 22:08 4:18 2:05
Victor Hedman 0 1 1 0 0 0 0 0 1 1 0/0 14:30 4:18 0:00
Yanni Gourde 0 0 0 -1 0 1 2 0 0 0 5/8 9:54 0:00 0:00
3 Stars
1 - Ronalds Kenins (S.J)
2 - Brendan Gaunce (S.J)
3 - Drew Doughty (S.J)
Power Play
Sharks - 1 on 2 Attempt(s) - 50.00%
Lightning - 2 on 8 Attempt(s) - 25.00%
Penalty Kill
Sharks - 6 on 8 Attempt(s) - 75.00%
- Score 0 goal in Penalty Kill
Lightning - 1 on 2 Attempt(s) - 50.00%
- Score 0 goal in Penalty Kill
Team Stat
Sharks - Hits : 23 - Faceoff Wins : 31 - Blocked Shots : 12 - Penalty Minutes : 16
Lightning - Hits : 9 - Faceoff Wins : 50 - Blocked Shots : 3 - Penalty Minutes : 4
Official
Referees : Steve Kozari and Marc Joannette
Linesman : Devin Berg and Bevan Mills
Game Notes
Jimmy Howard enters game at 5:39 of 2nd period
Finance
Level 1 -- Attendance: 6000 (100.00%) -- Ticket Income $600,000
Level 2 -- Attendance: 4798 (95.96%) -- Ticket Income $287,880
Level 3 -- Attendance: 1790 (89.50%) -- Ticket Income $62,650
Level 4 -- Attendance: 4000 (100.00%) -- Ticket Income $100,000
Luxury Box -- Attendance: 934 (93.40%) -- Ticket Income $186,800
Game was played at the Amalie Arena.
Total Attendance: 17522 (97.34%)
Total Ticket Income: $1,237,330
Other Income: $185,600
Total Income: $1,422,930
Sharks
5 vs 5 Forward
Center Left Wing Right Wing Time % Phy DF OF
1 Brandon Dubinsky Daniel Carcillo Joe Pavelski 40 0 2 3
2 Boone Jenner Ronalds Kenins Wayne Simmonds 30 0 2 3
3 Oscar Sundqvist Zach Parise Conor Sheary 20 0 2 3
4 Brendan Gaunce Andreas Martinsen Gustav Nyquist 10 1 2 2
5 vs 5 Defense
Defense Defense Time % Phy DF OF
1 Drew Doughty Mike Lundin 40 0 2 3
2 Dion Phaneuf Tyler Cuma 30 0 2 3
3 Karl Alzner Markus Nutivaara 20 1 2 2
4 Drew Doughty Mike Lundin 10 1 2 2
PowerPlay Forward
Center Left Wing Right Wing Time % Phy DF OF
1 Brandon Dubinsky Daniel Carcillo Joe Pavelski 60 0 2 3
2 Boone Jenner Ronalds Kenins Wayne Simmonds 40 0 2 3
PowerPlay Defense
Defense Defense Time % Phy DF OF
1 Drew Doughty Mike Lundin 60 0 2 3
2 Dion Phaneuf Tyler Cuma 40 0 2 3
Penalty Kill 4 Players Forward
Center Wing Time % Phy DF OF
1 Brandon Dubinsky Daniel Carcillo 60 1 4 0
2 Boone Jenner Ronalds Kenins 40 1 4 0
Penalty Kill 4 Players Defense
Defense Defense Time % Phy DF OF
1 Drew Doughty Mike Lundin 60 1 4 0
2 Dion Phaneuf Tyler Cuma 40 1 4 0
Penalty Kill - 3 Players Forward
Forward Time % Phy DF OF
1 Brandon Dubinsky 60 1 4 0
2 Boone Jenner 40 1 4 0
Penalty Kill - 3 Players Defense
Defense Defense Time % Phy DF OF
1 Drew Doughty Mike Lundin 60 1 4 0
2 Dion Phaneuf Tyler Cuma 40 1 4 0
4 vs 4 Forward
Center Wing Time % Phy DF OF
1 Brandon Dubinsky Daniel Carcillo 60 0 3 2
2 Boone Jenner Ronalds Kenins 40 0 3 2
4 vs 4 Defense
Defense Defense Time % Phy DF OF
1 Drew Doughty Mike Lundin 60 0 3 2
2 Dion Phaneuf Tyler Cuma 40 0 3 2
Last Minutes Offensive
Center Left Wing Right Wing Defense Defense
Brandon Dubinsky Daniel Carcillo Joe Pavelski Drew Doughty Mike Lundin
Last Minutes Defensive
Center Left Wing Right Wing Defense Defense
Brandon Dubinsky Daniel Carcillo Joe Pavelski Drew Doughty Mike Lundin
Goaltenders
Starting : Malcolm Subban
Backup : Philipp Grubauer
Extra Forwards
Normal : Daniel Carcillo, Ronalds Kenins, Zach Parise - PP : Daniel Carcillo, Ronalds Kenins - PK : Daniel Carcillo
Extra Defensemen
Normal : Tyler Cuma, Karl Alzner, Markus Nutivaara - PP : Tyler Cuma - PK : Tyler Cuma, Karl Alzner
Penalty Shots
Joe Pavelski, Brandon Dubinsky, Wayne Simmonds, Conor Sheary, Daniel Carcillo
Scratches
Arturs Kulda (Healthy), Marek Svatos (Healthy), MacKenzie Weegar (Healthy)
Lightning
5 vs 5 Forward
Center Left Wing Right Wing Time % Phy DF OF
1 Mark Scheifele Artemi Panarin Kasperi Kapanen 40 1 2 2
2 Patrice Bergeron Brendan Lemieux Ben Smith 30 1 2 2
3 Yanni Gourde Jimmy Vesey Brock Boeser 20 1 2 2
4 Antoine Vermette Alex Killorn Jesper Fast 10 1 2 2
5 vs 5 Defense
Defense Defense Time % Phy DF OF
1 John Carlson Brent Seabrook 40 1 2 2
2 Michael Kostka Shayne Gostisbehere 30 1 2 2
3 Victor Hedman Jiri Fischer 20 1 2 2
4 John Carlson Brent Seabrook 10 1 2 2
PowerPlay Forward
Center Left Wing Right Wing Time % Phy DF OF
1 Mark Scheifele Artemi Panarin Kasperi Kapanen 60 1 2 2
2 Patrice Bergeron Brendan Lemieux Brock Boeser 40 1 2 2
PowerPlay Defense
Defense Defense Time % Phy DF OF
1 John Carlson Brent Seabrook 60 1 2 2
2 Victor Hedman Shayne Gostisbehere 40 1 2 2
Penalty Kill 4 Players Forward
Center Wing Time % Phy DF OF
1 Mark Scheifele Ben Smith 60 1 2 2
2 Patrice Bergeron Artemi Panarin 40 1 2 2
Penalty Kill 4 Players Defense
Defense Defense Time % Phy DF OF
1 John Carlson Brent Seabrook 60 1 2 2
2 Michael Kostka Shayne Gostisbehere 40 1 2 2
Penalty Kill - 3 Players Forward
Forward Time % Phy DF OF
1 Mark Scheifele 60 1 2 2
2 Patrice Bergeron 40 1 2 2
Penalty Kill - 3 Players Defense
Defense Defense Time % Phy DF OF
1 John Carlson Brent Seabrook 60 1 2 2
2 Michael Kostka Shayne Gostisbehere 40 1 2 2
4 vs 4 Forward
Center Wing Time % Phy DF OF
1 Mark Scheifele Artemi Panarin 60 1 2 2
2 Patrice Bergeron Ben Smith 40 1 2 2
4 vs 4 Defense
Defense Defense Time % Phy DF OF
1 John Carlson Brent Seabrook 60 1 2 2
2 Michael Kostka Shayne Gostisbehere 40 1 2 2
Last Minutes Offensive
Center Left Wing Right Wing Defense Defense
Mark Scheifele Artemi Panarin Kasperi Kapanen John Carlson Shayne Gostisbehere
Last Minutes Defensive
Center Left Wing Right Wing Defense Defense
Mark Scheifele Artemi Panarin Ben Smith John Carlson Brent Seabrook
Goaltenders
Starting : Alex Nedeljkovic
Backup : Jimmy Howard
Extra Forwards
Normal : Brock Boeser, Kasperi Kapanen, Jimmy Vesey - PP : Jimmy Vesey, Kasperi Kapanen - PK : Brendan Lemieux
Extra Defensemen
Normal : Shayne Gostisbehere, Victor Hedman, Jiri Fischer - PP : Shayne Gostisbehere - PK : Shayne Gostisbehere, Victor Hedman
Penalty Shots
Mark Scheifele, Patrice Bergeron, Artemi Panarin, Yanni Gourde, Kasperi Kapanen
Scratches
Jonathan Sigalet (Strained Right Knee Injury), Scott Mayfield (Healthy)
% Time on Ice - Sharks
Lines # - Real PCT - Wanted PCT - Time Play
Normal Forward
1 - 34% - 40% - 15:12
2 - 27% - 30% - 12:00
3 - 26% - 20% - 11:28
4 - 14% - 10% - 6:04
Normal Defense
1 - 40% - 40% - 17:57
2 - 34% - 30% - 15:12
3 - 23% - 20% - 10:07
4 - 3% - 10% - 1:28
PP Forward
1 - 91% - 60% - 1:54
2 - 9% - 40% - 0:11
PP Defense
1 - 90% - 60% - 1:53
2 - 10% - 40% - 0:12
PK Forward
1 - 70% - 60% - 9:11
2 - 30% - 40% - 3:55
PK Defense
1 - 68% - 60% - 8:57
2 - 32% - 40% - 4:09
PK3 Forward
1 - 0% - 60%
2 - 0% - 40%
PK3 Defense
1 - 0% - 60%
2 - 0% - 40%
44 Forward
1 - 100% - 60% - 0:05
2 - 0% - 40% - 0:00
44 Defense
1 - 0% - 60% - 0:00
2 - 100% - 40% - 0:05
Last Minute Offensive - 0:00
Last Minute Defensive - 0:00
Total
Forward - 60:00
Defense - 60:00
|
% Time on Ice - Lightning
Lines # - Real PCT - Wanted PCT - Time Play
Normal Forward
1 - 34% - 40% - 15:16
2 - 30% - 30% - 13:21
3 - 22% - 20% - 9:54
4 - 14% - 10% - 6:13
Normal Defense
1 - 41% - 40% - 18:13
2 - 35% - 30% - 15:29
3 - 22% - 20% - 9:46
4 - 3% - 10% - 1:16
PP Forward
1 - 56% - 60% - 7:24
2 - 44% - 40% - 5:42
PP Defense
1 - 67% - 60% - 8:48
2 - 33% - 40% - 4:18
PK Forward
1 - 100% - 60% - 2:05
2 - 0% - 40% - 0:00
PK Defense
1 - 100% - 60% - 2:05
2 - 0% - 40% - 0:00
PK3 Forward
1 - 0% - 60%
2 - 0% - 40%
PK3 Defense
1 - 0% - 60%
2 - 0% - 40%
44 Forward
1 - 100% - 60% - 0:05
2 - 0% - 40% - 0:00
44 Defense
1 - 100% - 60% - 0:05
2 - 0% - 40% - 0:00
Last Minute Offensive - 0:00
Last Minute Defensive - 0:00
Total
Forward - 60:00
Defense - 60:00
|
Play-by-Play
1st period
0:01 of 1st period - Mark Scheifele wins face-off versus Brandon Dubinsky in neutral zone.
0:14 of 1st period - Wrist shot by Mark Scheifele.
0:14 of 1st period - Stopped by Malcolm Subban without a rebound.
0:15 of 1st period - Boone Jenner wins face-off versus Patrice Bergeron in Sharks zone.
0:17 of 1st period - Minor Penalty to Dion Phaneuf for Hooking.
0:18 of 1st period - Mark Scheifele wins face-off versus Brandon Dubinsky in Sharks zone.
1:58 of 1st period - Icing by John Carlson.
1:59 of 1st period - Boone Jenner wins face-off versus Patrice Bergeron in Lightning zone.
2:17 of 1st period - Penalty to Dion Phaneuf is over, Dion Phaneuf is back on ice.
2:26 of 1st period - Snap shot by Jesper Fast.
2:26 of 1st period - Stopped by Malcolm Subban without a rebound.
2:27 of 1st period - Brendan Gaunce wins face-off versus Antoine Vermette in Sharks zone.
2:53 of 1st period - Shayne Gostisbehere is hit by Dion Phaneuf and loses puck.
3:02 of 1st period - Snap shot by Boone Jenner.
3:02 of 1st period - Stopped by Alex Nedeljkovic without a rebound.
3:03 of 1st period - Mark Scheifele wins face-off versus Joe Pavelski in Lightning zone.
3:03 of 1st period - Mark Scheifele is hit by Daniel Carcillo.
3:15 of 1st period - Snap shot by Mark Scheifele.
3:15 of 1st period - Stopped by Malcolm Subban with a rebound.
3:17 of 1st period - Wrist shot by Mark Scheifele.
3:17 of 1st period - Stopped by Malcolm Subban with a rebound.
3:19 of 1st period - Slapshot by John Carlson.
3:19 of 1st period - Shot Blocked by Mike Lundin.
4:16 of 1st period - Snap shot by Andreas Martinsen.
4:16 of 1st period - Shot Blocked by Shayne Gostisbehere.
4:24 of 1st period - Wrist shot by Andreas Martinsen.
4:24 of 1st period - Goal by Andreas Martinsen - Sharks : 1 - Lightning : 0.
4:25 of 1st period - Mark Scheifele wins face-off versus Brandon Dubinsky in neutral zone.
4:38 of 1st period - Wrist shot by Artemi Panarin.
4:38 of 1st period - Stopped by Malcolm Subban without a rebound.
4:39 of 1st period - Brandon Dubinsky wins face-off versus Mark Scheifele in Sharks zone.
4:54 of 1st period - Wrist shot by Daniel Carcillo.
4:54 of 1st period - Shot Misses the Net.
5:31 of 1st period - Oscar Sundqvist is hit by Yanni Gourde and loses puck.
5:57 of 1st period - Snap shot by Tyler Cuma.
5:57 of 1st period - Stopped by Alex Nedeljkovic without a rebound.
5:58 of 1st period - Mark Scheifele wins face-off versus Brendan Gaunce in Lightning zone.
6:54 of 1st period - Wrist shot by Boone Jenner.
6:54 of 1st period - Stopped by Alex Nedeljkovic without a rebound.
6:55 of 1st period - Boone Jenner wins face-off versus Artemi Panarin in Lightning zone.
7:10 of 1st period - Snap shot by Ronalds Kenins.
7:10 of 1st period - Shot Misses the Net.
8:45 of 1st period - Wrist shot by Drew Doughty.
8:45 of 1st period - Stopped by Alex Nedeljkovic with a rebound.
8:47 of 1st period - Wrist shot by Brandon Dubinsky.
8:47 of 1st period - Goal by Brandon Dubinsky - Sharks : 2 - Lightning : 0.
8:48 of 1st period - Brandon Dubinsky wins face-off versus Patrice Bergeron in neutral zone.
9:03 of 1st period - Slapshot by John Carlson.
9:03 of 1st period - Shot Misses the Net.
10:08 of 1st period - Icing by Tyler Cuma.
10:09 of 1st period - Patrice Bergeron wins face-off versus Brendan Gaunce in Sharks zone.
10:18 of 1st period - Backhand shot by Mark Scheifele.
10:18 of 1st period - Stopped by Malcolm Subban without a rebound.
10:19 of 1st period - Mark Scheifele wins face-off versus Brandon Dubinsky in Sharks zone.
10:24 of 1st period - Snap shot by Artemi Panarin.
10:24 of 1st period - Shot Misses the Net.
10:45 of 1st period - Minor Penalty to Daniel Carcillo for Holding.
10:46 of 1st period - Mark Scheifele wins face-off versus Brandon Dubinsky in Sharks zone.
10:50 of 1st period - Wrist shot by Artemi Panarin.
10:50 of 1st period - Shot Misses the Net.
10:52 of 1st period - Slapshot by Brent Seabrook.
10:52 of 1st period - Shot Blocked by Andreas Martinsen.
10:54 of 1st period - Slapshot by Artemi Panarin.
10:54 of 1st period - Deflect By Mark Scheifele.
10:54 of 1st period - Stopped by Malcolm Subban without a rebound.
10:55 of 1st period - Brandon Dubinsky wins face-off versus Mark Scheifele in Sharks zone.
10:58 of 1st period - Slapshot by Artemi Panarin.
10:58 of 1st period - Deflect By Kasperi Kapanen.
10:58 of 1st period - Stopped by Malcolm Subban with a rebound.
11:12 of 1st period - Snap shot by Brent Seabrook.
11:12 of 1st period - Shot Misses the Net.
11:14 of 1st period - Slapshot by John Carlson.
11:14 of 1st period - Stopped by Malcolm Subban with a rebound.
11:30 of 1st period - Wrist shot by Mark Scheifele.
11:30 of 1st period - Shot Blocked by Mike Lundin.
11:32 of 1st period - Slapshot by John Carlson.
11:32 of 1st period - Stopped by Malcolm Subban without a rebound.
11:33 of 1st period - Patrice Bergeron wins face-off versus Brandon Dubinsky in Sharks zone.
11:42 of 1st period - Wrist shot by Patrice Bergeron.
11:42 of 1st period - Shot Misses the Net.
11:44 of 1st period - Slapshot by Patrice Bergeron.
11:44 of 1st period - Shot Blocked by Tyler Cuma.
12:45 of 1st period - Penalty to Daniel Carcillo is over, Daniel Carcillo is back on ice.
12:52 of 1st period - Artemi Panarin is hit by Zach Parise and loses puck.
13:09 of 1st period - Michael Kostka is hit by Brandon Dubinsky and loses puck.
13:20 of 1st period - Slapshot by Ronalds Kenins.
13:20 of 1st period - Goal by Ronalds Kenins - Sharks : 3 - Lightning : 0.
13:21 of 1st period - Brandon Dubinsky wins face-off versus Patrice Bergeron in neutral zone.
13:52 of 1st period - Wrist shot by Dion Phaneuf.
13:52 of 1st period - Deflect By Boone Jenner.
13:52 of 1st period - Shot Misses the Net.
13:52 of 1st period - Puck is out of play.
13:53 of 1st period - Yanni Gourde wins face-off versus Brandon Dubinsky in Lightning zone.
14:19 of 1st period - Icing by Dion Phaneuf.
14:20 of 1st period - Patrice Bergeron wins face-off versus Boone Jenner in Sharks zone.
14:57 of 1st period - Snap shot by Joe Pavelski.
14:57 of 1st period - Shot Misses the Net.
15:23 of 1st period - Minor Penalty to Oscar Sundqvist for Tripping.
15:24 of 1st period - Mark Scheifele wins face-off versus Brandon Dubinsky in Sharks zone.
15:25 of 1st period - Snap shot by Kasperi Kapanen.
15:25 of 1st period - Stopped by Malcolm Subban without a rebound.
15:26 of 1st period - Mark Scheifele wins face-off versus Brandon Dubinsky in Sharks zone.
16:18 of 1st period - Slapshot by Dion Phaneuf.
16:18 of 1st period - Stopped by Alex Nedeljkovic without a rebound.
16:19 of 1st period - Mark Scheifele wins face-off versus Boone Jenner in Lightning zone.
16:24 of 1st period - Tyler Cuma is hit by Kasperi Kapanen and loses puck.
16:29 of 1st period - Snap shot by Artemi Panarin.
16:29 of 1st period - Shot Misses the Net.
16:31 of 1st period - Wrist shot by Artemi Panarin.
16:31 of 1st period - Deflect By Mark Scheifele.
16:31 of 1st period - Shot Misses the Net.
16:31 of 1st period - Puck is out of play.
16:32 of 1st period - Artemi Panarin wins face-off versus Brandon Dubinsky in Sharks zone.
16:35 of 1st period - Wrist shot by Mark Scheifele.
16:35 of 1st period - Shot Misses the Net.
16:37 of 1st period - Wrist shot by Brent Seabrook.
16:37 of 1st period - Goal by Brent Seabrook - Sharks : 3 - Lightning : 1.
16:38 of 1st period - Brandon Dubinsky wins face-off versus Mark Scheifele in neutral zone.
16:48 of 1st period - Icing by Drew Doughty.
16:49 of 1st period - Brandon Dubinsky wins face-off versus Patrice Bergeron in Sharks zone.
17:10 of 1st period - Minor Penalty to Joe Pavelski for Holding.
17:11 of 1st period - Brandon Dubinsky wins face-off versus Mark Scheifele in Sharks zone.
17:16 of 1st period - Slapshot by Drew Doughty.
17:16 of 1st period - Stopped by Alex Nedeljkovic without a rebound.
17:17 of 1st period - Mark Scheifele wins face-off versus Brandon Dubinsky in Lightning zone.
17:50 of 1st period - Snap shot by Patrice Bergeron.
17:50 of 1st period - Shot Misses the Net.
18:17 of 1st period - Icing by Shayne Gostisbehere.
18:18 of 1st period - Mark Scheifele wins face-off versus Boone Jenner in Lightning zone.
18:18 of 1st period - Mark Scheifele is hit by Ronalds Kenins.
18:40 of 1st period - Wrist shot by John Carlson.
18:40 of 1st period - Stopped by Malcolm Subban with a rebound.
18:42 of 1st period - Snap shot by Brendan Lemieux.
18:42 of 1st period - Deflect By Daniel Carcillo.
18:42 of 1st period - Shot Misses the Net.
18:42 of 1st period - Puck is out of play.
18:43 of 1st period - Patrice Bergeron wins face-off versus Brandon Dubinsky in Sharks zone.
19:04 of 1st period - Snap shot by Patrice Bergeron.
19:04 of 1st period - Shot Blocked by Mike Lundin.
19:10 of 1st period - Penalty to Joe Pavelski is over, Joe Pavelski is back on ice.
19:47 of 1st period - Snap shot by Brock Boeser.
19:47 of 1st period - Deflect By Drew Doughty.
19:47 of 1st period - Stopped by Malcolm Subban with a rebound.
19:51 of 1st period - Wrist shot by Patrice Bergeron.
19:51 of 1st period - Goal by Patrice Bergeron - Sharks : 3 - Lightning : 2.
19:52 of 1st period - Oscar Sundqvist wins face-off versus Mark Scheifele in neutral zone.
Goals for this period are 3 for Sharks vs 2 for Lightning.
Shots for this period are 9 for Sharks vs 15 for Lightning.
2nd period
0:01 of 2nd period - Mark Scheifele wins face-off versus Brandon Dubinsky in neutral zone.
0:14 of 2nd period - Snap shot by Kasperi Kapanen.
0:14 of 2nd period - Shot Misses the Net.
0:16 of 2nd period - Snap shot by Mark Scheifele.
0:16 of 2nd period - Shot Misses the Net.
0:47 of 2nd period - Jiri Fischer is hit by Conor Sheary and loses puck.
0:52 of 2nd period - Snap shot by Drew Doughty.
0:52 of 2nd period - Deflect By Oscar Sundqvist.
0:52 of 2nd period - Stopped by Alex Nedeljkovic with a rebound.
0:56 of 2nd period - Wrist shot by Zach Parise.
0:56 of 2nd period - Shot Misses the Net.
1:26 of 2nd period - Artemi Panarin is hit by Joe Pavelski and loses puck.
1:56 of 2nd period - Wrist shot by Patrice Bergeron.
1:56 of 2nd period - Stopped by Malcolm Subban with a rebound.
1:58 of 2nd period - Snap shot by Ben Smith.
1:58 of 2nd period - Deflect By Patrice Bergeron.
1:58 of 2nd period - Shot Misses the Net.
1:58 of 2nd period - Puck is out of play.
1:59 of 2nd period - Yanni Gourde wins face-off versus Brandon Dubinsky in Sharks zone.
2:04 of 2nd period - Slapshot by Jimmy Vesey.
2:04 of 2nd period - Shot Misses the Net.
2:06 of 2nd period - Slapshot by Brock Boeser.
2:06 of 2nd period - Shot Misses the Net.
2:08 of 2nd period - Wrist shot by Brock Boeser.
2:08 of 2nd period - Stopped by Malcolm Subban without a rebound.
2:09 of 2nd period - Brock Boeser wins face-off versus Brandon Dubinsky in Sharks zone.
2:20 of 2nd period - Slapshot by Jimmy Vesey.
2:20 of 2nd period - Shot Blocked by Dion Phaneuf.
2:22 of 2nd period - Snap shot by Yanni Gourde.
2:22 of 2nd period - Shot Misses the Net.
2:24 of 2nd period - Snap shot by Shayne Gostisbehere.
2:24 of 2nd period - Shot Blocked by Dion Phaneuf.
2:37 of 2nd period - Snap shot by Yanni Gourde.
2:37 of 2nd period - Shot Blocked by Daniel Carcillo.
2:39 of 2nd period - Slapshot by Yanni Gourde.
2:39 of 2nd period - Stopped by Malcolm Subban with a rebound.
2:50 of 2nd period - Off-side.
2:51 of 2nd period - Mark Scheifele wins face-off versus Boone Jenner in neutral zone.
3:02 of 2nd period - Wrist shot by Drew Doughty.
3:02 of 2nd period - Stopped by Alex Nedeljkovic without a rebound.
3:03 of 2nd period - Kasperi Kapanen wins face-off versus Boone Jenner in Lightning zone.
3:03 of 2nd period - Kasperi Kapanen is hit by Ronalds Kenins.
3:29 of 2nd period - Patrice Bergeron is hit by Oscar Sundqvist and loses puck.
3:48 of 2nd period - Jimmy Vesey is hit by Joe Pavelski and loses puck.
3:53 of 2nd period - Snap shot by Brandon Dubinsky.
3:53 of 2nd period - Stopped by Alex Nedeljkovic with a rebound.
3:57 of 2nd period - Slapshot by Drew Doughty.
3:57 of 2nd period - Shot Misses the Net.
3:59 of 2nd period - Snap shot by Daniel Carcillo.
3:59 of 2nd period - Stopped by Alex Nedeljkovic with a rebound.
4:01 of 2nd period - Slapshot by Mike Lundin.
4:01 of 2nd period - Shot Misses the Net.
4:55 of 2nd period - Wrist shot by Brendan Lemieux.
4:55 of 2nd period - Stopped by Malcolm Subban without a rebound.
4:56 of 2nd period - Brandon Dubinsky wins face-off versus Patrice Bergeron in Sharks zone.
5:19 of 2nd period - Snap shot by Brendan Lemieux.
5:19 of 2nd period - Shot Misses the Net.
5:28 of 2nd period - Minor Penalty to Brent Seabrook for Tripping.
5:29 of 2nd period - Mark Scheifele wins face-off versus Boone Jenner in Lightning zone.
5:39 of 2nd period - Slapshot by Ronalds Kenins.
5:39 of 2nd period - Goal by Ronalds Kenins - Sharks : 4 - Lightning : 2.
5:39 of 2nd period - Jimmy Howard enters game.
5:40 of 2nd period - Mark Scheifele wins face-off versus Joe Pavelski in neutral zone.
5:57 of 2nd period - Artemi Panarin is hit by Drew Doughty and loses puck.
6:35 of 2nd period - Snap shot by Yanni Gourde.
6:35 of 2nd period - Shot Blocked by Karl Alzner.
6:37 of 2nd period - Wrist shot by Yanni Gourde.
6:37 of 2nd period - Shot Misses the Net.
6:39 of 2nd period - Snap shot by Brock Boeser.
6:39 of 2nd period - Shot Blocked by Karl Alzner.
6:44 of 2nd period - Icing by Karl Alzner.
6:45 of 2nd period - Mark Scheifele wins face-off versus Oscar Sundqvist in Sharks zone.
7:04 of 2nd period - Mark Scheifele is hit by Oscar Sundqvist and loses puck.
7:09 of 2nd period - Slapshot by Zach Parise.
7:09 of 2nd period - Stopped by Jimmy Howard with a rebound.
7:11 of 2nd period - Snap shot by Karl Alzner.
7:11 of 2nd period - Stopped by Jimmy Howard with a rebound.
7:13 of 2nd period - Slapshot by Karl Alzner.
7:13 of 2nd period - Shot Blocked by Artemi Panarin.
7:15 of 2nd period - Wrist shot by Oscar Sundqvist.
7:15 of 2nd period - Shot Misses the Net.
7:27 of 2nd period - Wrist shot by Kasperi Kapanen.
7:27 of 2nd period - Deflect By Mark Scheifele.
7:27 of 2nd period - Shot Misses the Net.
7:27 of 2nd period - Puck is out of play.
7:28 of 2nd period - Ben Smith wins face-off versus Brandon Dubinsky in Sharks zone.
7:38 of 2nd period - Minor Penalty to Mike Lundin for Roughing.
7:39 of 2nd period - Mark Scheifele wins face-off versus Brandon Dubinsky in Sharks zone.
7:49 of 2nd period - Wrist shot by Artemi Panarin.
7:49 of 2nd period - Shot Misses the Net.
7:51 of 2nd period - Snap shot by John Carlson.
7:51 of 2nd period - Shot Misses the Net.
7:53 of 2nd period - Snap shot by Mark Scheifele.
7:53 of 2nd period - Shot Misses the Net.
7:55 of 2nd period - Slapshot by Mark Scheifele.
7:55 of 2nd period - Stopped by Malcolm Subban without a rebound.
7:56 of 2nd period - Mark Scheifele wins face-off versus Brandon Dubinsky in Sharks zone.
8:41 of 2nd period - Shayne Gostisbehere is hit by Boone Jenner.
8:45 of 2nd period - Kasperi Kapanen is hit by Boone Jenner.
9:38 of 2nd period - Penalty to Mike Lundin is over, Mike Lundin is back on ice.
10:08 of 2nd period - Brock Boeser is hit by Gustav Nyquist and loses puck.
10:46 of 2nd period - Wrist shot by Antoine Vermette.
10:46 of 2nd period - Stopped by Malcolm Subban with a rebound.
11:10 of 2nd period - Artemi Panarin is hit by Drew Doughty and loses puck.
12:02 of 2nd period - Brendan Lemieux is hit by Mike Lundin.
12:16 of 2nd period - Michael Kostka is hit by Wayne Simmonds and loses puck.
14:36 of 2nd period - Minor Penalty to Gustav Nyquist for Tripping.
14:37 of 2nd period - Mark Scheifele wins face-off versus Brandon Dubinsky in Sharks zone.
14:37 of 2nd period - Wrist shot by Artemi Panarin.
14:37 of 2nd period - Stopped by Malcolm Subban with a rebound.
14:39 of 2nd period - Snap shot by Kasperi Kapanen.
14:39 of 2nd period - Goal by Kasperi Kapanen - Sharks : 4 - Lightning : 3.
14:40 of 2nd period - Brandon Dubinsky wins face-off versus Kasperi Kapanen in neutral zone.
15:07 of 2nd period - Off-side.
15:08 of 2nd period - Yanni Gourde wins face-off versus Boone Jenner in neutral zone.
15:21 of 2nd period - Backhand shot by Boone Jenner.
15:21 of 2nd period - Shot Misses the Net.
15:40 of 2nd period - Slapshot by Mike Lundin.
15:40 of 2nd period - Deflect By Zach Parise.
15:40 of 2nd period - Shot Misses the Net.
15:40 of 2nd period - Puck is out of play.
15:41 of 2nd period - Mark Scheifele wins face-off versus Brandon Dubinsky in Lightning zone.
16:10 of 2nd period - Slapshot by Drew Doughty.
16:10 of 2nd period - Stopped by Jimmy Howard with a rebound.
17:50 of 2nd period - Wayne Simmonds is hit by Yanni Gourde and loses puck.
17:59 of 2nd period - Snap shot by Tyler Cuma.
17:59 of 2nd period - Shot Misses the Net.
18:01 of 2nd period - Slapshot by Dion Phaneuf.
18:01 of 2nd period - Deflect By Jiri Fischer.
18:01 of 2nd period - Stopped by Jimmy Howard without a rebound.
18:02 of 2nd period - Mark Scheifele wins face-off versus Brandon Dubinsky in Lightning zone.
18:02 of 2nd period - Mark Scheifele is hit by Joe Pavelski.
18:16 of 2nd period - Wrist shot by Brandon Dubinsky.
18:16 of 2nd period - Stopped by Jimmy Howard without a rebound.
18:17 of 2nd period - Boone Jenner wins face-off versus Patrice Bergeron in Lightning zone.
18:38 of 2nd period - John Carlson is hit by Ronalds Kenins and loses puck.
18:44 of 2nd period - John Carlson is hit by Drew Doughty and loses puck.
19:19 of 2nd period - Snap shot by Ben Smith.
19:19 of 2nd period - Shot Misses the Net.
19:21 of 2nd period - Snap shot by Patrice Bergeron.
19:21 of 2nd period - Stopped by Malcolm Subban without a rebound.
19:22 of 2nd period - Mark Scheifele wins face-off versus Brandon Dubinsky in Sharks zone.
19:58 of 2nd period - Slapshot by Tyler Cuma.
19:58 of 2nd period - Stopped by Jimmy Howard without a rebound.
19:59 of 2nd period - Artemi Panarin wins face-off versus Brandon Dubinsky in Lightning zone.
Goals for this period are 1 for Sharks vs 1 for Lightning.
Shots for this period are 11 for Sharks vs 9 for Lightning.
3rd period
0:01 of 3rd period - Brandon Dubinsky wins face-off versus Kasperi Kapanen in neutral zone.
0:31 of 3rd period - Slapshot by Tyler Cuma.
0:31 of 3rd period - Stopped by Jimmy Howard without a rebound.
0:32 of 3rd period - Boone Jenner wins face-off versus Mark Scheifele in Lightning zone.
0:57 of 3rd period - Tyler Cuma is hit by Brendan Lemieux.
1:03 of 3rd period - Slapshot by Drew Doughty.
1:03 of 3rd period - Stopped by Jimmy Howard with a rebound.
1:22 of 3rd period - Slapshot by John Carlson.
1:22 of 3rd period - Stopped by Malcolm Subban without a rebound.
1:23 of 3rd period - Boone Jenner wins face-off versus Mark Scheifele in Sharks zone.
1:28 of 3rd period - Slapshot by Dion Phaneuf.
1:28 of 3rd period - Deflect By Ronalds Kenins.
1:28 of 3rd period - Shot Misses the Net.
1:28 of 3rd period - Puck is out of play.
1:29 of 3rd period - Boone Jenner wins face-off versus Mark Scheifele in Lightning zone.
2:36 of 3rd period - Drew Doughty is hit by Alex Killorn and loses puck.
2:55 of 3rd period - Snap shot by Conor Sheary.
2:55 of 3rd period - Deflect By Michael Kostka.
2:55 of 3rd period - Stopped by Jimmy Howard with a rebound.
2:57 of 3rd period - Slapshot by Markus Nutivaara.
2:57 of 3rd period - Deflect By Conor Sheary.
2:57 of 3rd period - Shot Misses the Net.
2:57 of 3rd period - Puck is out of play.
2:58 of 3rd period - Oscar Sundqvist wins face-off versus Mark Scheifele in Lightning zone.
3:15 of 3rd period - Snap shot by Kasperi Kapanen.
3:15 of 3rd period - Stopped by Malcolm Subban without a rebound.
3:16 of 3rd period - Patrice Bergeron wins face-off versus Brandon Dubinsky in Sharks zone.
3:29 of 3rd period - Snap shot by Daniel Carcillo.
3:29 of 3rd period - Shot Misses the Net.
3:45 of 3rd period - Off-side.
3:46 of 3rd period - Kasperi Kapanen wins face-off versus Brandon Dubinsky in neutral zone.
3:51 of 3rd period - Snap shot by Mark Scheifele.
3:51 of 3rd period - Shot Misses the Net.
3:53 of 3rd period - Slapshot by Kasperi Kapanen.
3:53 of 3rd period - Shot Misses the Net.
3:55 of 3rd period - Slapshot by Shayne Gostisbehere.
3:55 of 3rd period - Shot Blocked by Markus Nutivaara.
3:57 of 3rd period - Slapshot by Shayne Gostisbehere.
3:57 of 3rd period - Deflect By Karl Alzner.
3:57 of 3rd period - Stopped by Malcolm Subban with a rebound.
3:59 of 3rd period - Snap shot by Artemi Panarin.
3:59 of 3rd period - Stopped by Malcolm Subban without a rebound.
4:00 of 3rd period - Mark Scheifele wins face-off versus Brandon Dubinsky in Sharks zone.
4:03 of 3rd period - Wrist shot by Artemi Panarin.
4:03 of 3rd period - Stopped by Malcolm Subban with a rebound.
4:05 of 3rd period - Snap shot by Mark Scheifele.
4:05 of 3rd period - Stopped by Malcolm Subban with a rebound.
4:07 of 3rd period - Slapshot by John Carlson.
4:07 of 3rd period - Shot Misses the Net.
4:11 of 3rd period - Snap shot by Kasperi Kapanen.
4:11 of 3rd period - Stopped by Malcolm Subban without a rebound.
4:12 of 3rd period - Mark Scheifele wins face-off versus Joe Pavelski in Sharks zone.
4:27 of 3rd period - Snap shot by Mark Scheifele.
4:27 of 3rd period - Shot Blocked by Mike Lundin.
4:29 of 3rd period - Wrist shot by Kasperi Kapanen.
4:29 of 3rd period - Shot Misses the Net.
4:35 of 3rd period - Minor Penalty to Daniel Carcillo for Holding.
4:36 of 3rd period - Mark Scheifele wins face-off versus Brandon Dubinsky in Sharks zone.
5:27 of 3rd period - Wrist shot by Dion Phaneuf.
5:27 of 3rd period - Stopped by Jimmy Howard without a rebound.
5:28 of 3rd period - Boone Jenner wins face-off versus Mark Scheifele in Lightning zone.
6:29 of 3rd period - Minor Penalty to Brent Seabrook for Interference.
6:30 of 3rd period - Brandon Dubinsky wins face-off versus Mark Scheifele in Lightning zone.
6:35 of 3rd period - Penalty to Daniel Carcillo is over, Daniel Carcillo is back on ice.
6:44 of 3rd period - Wrist shot by Artemi Panarin.
6:44 of 3rd period - Stopped by Malcolm Subban with a rebound.
6:46 of 3rd period - Slapshot by Shayne Gostisbehere.
6:46 of 3rd period - Deflect By Brandon Dubinsky.
6:46 of 3rd period - Stopped by Malcolm Subban without a rebound.
6:47 of 3rd period - Mark Scheifele wins face-off versus Brandon Dubinsky in Sharks zone.
6:48 of 3rd period - Wrist shot by Ben Smith.
6:48 of 3rd period - Shot Misses the Net.
6:58 of 3rd period - Wrist shot by Drew Doughty.
6:58 of 3rd period - Stopped by Jimmy Howard without a rebound.
6:59 of 3rd period - Mark Scheifele wins face-off versus Brandon Dubinsky in Lightning zone.
7:19 of 3rd period - Icing by Drew Doughty.
7:20 of 3rd period - Mark Scheifele wins face-off versus Brandon Dubinsky in Sharks zone.
7:57 of 3rd period - Wrist shot by Joe Pavelski.
7:57 of 3rd period - Shot Misses the Net.
8:29 of 3rd period - Penalty to Brent Seabrook is over, Brent Seabrook is back on ice.
8:39 of 3rd period - Snap shot by Joe Pavelski.
8:39 of 3rd period - Goal by Joe Pavelski - Sharks : 5 - Lightning : 3.
8:40 of 3rd period - Boone Jenner wins face-off versus Yanni Gourde in neutral zone.
9:13 of 3rd period - Snap shot by Brendan Gaunce.
9:13 of 3rd period - Shot Misses the Net.
9:15 of 3rd period - Snap shot by Andreas Martinsen.
9:15 of 3rd period - Stopped by Jimmy Howard without a rebound.
9:16 of 3rd period - Oscar Sundqvist wins face-off versus Antoine Vermette in Lightning zone.
9:33 of 3rd period - Zach Parise is hit by Brent Seabrook and loses puck.
10:01 of 3rd period - Snap shot by Zach Parise.
10:01 of 3rd period - Stopped by Jimmy Howard with a rebound.
10:05 of 3rd period - Wrist shot by Conor Sheary.
10:05 of 3rd period - Shot Misses the Net.
10:07 of 3rd period - Snap shot by Karl Alzner.
10:07 of 3rd period - Shot Blocked by Patrice Bergeron.
10:09 of 3rd period - Slapshot by Karl Alzner.
10:09 of 3rd period - Shot Misses the Net.
10:19 of 3rd period - Snap shot by Zach Parise.
10:19 of 3rd period - Shot Misses the Net.
11:05 of 3rd period - Snap shot by Oscar Sundqvist.
11:05 of 3rd period - Shot Misses the Net.
11:07 of 3rd period - Snap shot by Conor Sheary.
11:07 of 3rd period - Shot Misses the Net.
11:09 of 3rd period - Slapshot by Markus Nutivaara.
11:09 of 3rd period - Stopped by Jimmy Howard without a rebound.
11:10 of 3rd period - Mark Scheifele wins face-off versus Brandon Dubinsky in Lightning zone.
11:15 of 3rd period - Slapshot by John Carlson.
11:15 of 3rd period - Deflect By Artemi Panarin.
11:15 of 3rd period - Shot Misses the Net.
11:15 of 3rd period - Puck is out of play.
11:16 of 3rd period - Kasperi Kapanen wins face-off versus Brandon Dubinsky in Sharks zone.
11:22 of 3rd period - Minor Penalty to Joe Pavelski for Holding.
11:23 of 3rd period - Brandon Dubinsky wins face-off versus Mark Scheifele in Sharks zone.
12:04 of 3rd period - Icing by Kasperi Kapanen.
12:05 of 3rd period - Brandon Dubinsky wins face-off versus Mark Scheifele in Lightning zone.
12:30 of 3rd period - Snap shot by Boone Jenner.
12:30 of 3rd period - Stopped by Jimmy Howard without a rebound.
12:31 of 3rd period - Mark Scheifele wins face-off versus Brandon Dubinsky in Lightning zone.
13:02 of 3rd period - Slapshot by John Carlson.
13:02 of 3rd period - Shot Misses the Net.
13:22 of 3rd period - Penalty to Joe Pavelski is over, Joe Pavelski is back on ice.
13:26 of 3rd period - Snap shot by Brandon Dubinsky.
13:26 of 3rd period - Stopped by Jimmy Howard with a rebound.
14:05 of 3rd period - Snap shot by Brendan Gaunce.
14:05 of 3rd period - Stopped by Jimmy Howard without a rebound.
14:06 of 3rd period - Brendan Gaunce wins face-off versus Brendan Lemieux in Lightning zone.
14:38 of 3rd period - Slapshot by Shayne Gostisbehere.
14:38 of 3rd period - Deflect By Artemi Panarin.
14:38 of 3rd period - Shot Misses the Net.
14:38 of 3rd period - Puck is out of play.
14:39 of 3rd period - Mark Scheifele wins face-off versus Brandon Dubinsky in Sharks zone.
15:10 of 3rd period - Off-side.
15:11 of 3rd period - Yanni Gourde wins face-off versus Oscar Sundqvist in neutral zone.
15:27 of 3rd period - Snap shot by Drew Doughty.
15:27 of 3rd period - Deflect By John Carlson.
15:27 of 3rd period - Stopped by Jimmy Howard with a rebound.
16:23 of 3rd period - Slapshot by Ben Smith.
16:23 of 3rd period - Stopped by Malcolm Subban without a rebound.
16:24 of 3rd period - Brendan Gaunce wins face-off versus Patrice Bergeron in Sharks zone.
16:24 of 3rd period - Brendan Gaunce is hit by Brendan Lemieux.
16:36 of 3rd period - Snap shot by Brendan Gaunce.
16:36 of 3rd period - Goal by Brendan Gaunce - Sharks : 6 - Lightning : 3.
16:37 of 3rd period - Mark Scheifele wins face-off versus Brandon Dubinsky in neutral zone.
16:40 of 3rd period - Dion Phaneuf is hit by John Carlson.
16:52 of 3rd period - Snap shot by Mark Scheifele.
16:52 of 3rd period - Shot Misses the Net.
17:05 of 3rd period - Dion Phaneuf is hit by Brendan Lemieux and loses puck.
17:14 of 3rd period - Wrist shot by Ben Smith.
17:14 of 3rd period - Shot Misses the Net.
18:14 of 3rd period - Snap shot by Daniel Carcillo.
18:14 of 3rd period - Stopped by Jimmy Howard without a rebound.
18:15 of 3rd period - Brandon Dubinsky wins face-off versus Mark Scheifele in Lightning zone.
18:40 of 3rd period - John Carlson is hit by Boone Jenner and loses puck.
18:51 of 3rd period - Snap shot by Ronalds Kenins.
18:51 of 3rd period - Stopped by Jimmy Howard with a rebound.
19:25 of 3rd period - Wrist shot by Jesper Fast.
19:25 of 3rd period - Goal by Jesper Fast - Sharks : 6 - Lightning : 4.
19:26 of 3rd period - Zach Parise wins face-off versus Yanni Gourde in neutral zone.
19:37 of 3rd period - Wrist shot by Oscar Sundqvist.
19:37 of 3rd period - Stopped by Jimmy Howard without a rebound.
19:38 of 3rd period - Oscar Sundqvist wins face-off versus Yanni Gourde in Lightning zone.
19:41 of 3rd period - Snap shot by Drew Doughty.
19:41 of 3rd period - Stopped by Jimmy Howard without a rebound.
19:42 of 3rd period - Yanni Gourde wins face-off versus Oscar Sundqvist in Lightning zone.
19:52 of 3rd period - Brock Boeser is hit by Mike Lundin and loses puck.
Goals for this period are 2 for Sharks vs 1 for Lightning.
Shots for this period are 18 for Sharks vs 11 for Lightning.